 Dungeon Crawl Stone Soup version 0.28-a0-991-g956f0ee3d5 (webtiles) character file.

Game seed: 13357391981528463974

758 ragingrage the Fighter (level 7, -2/93 HPs)
             Began as a Merfolk Wanderer on Dec 4, 2021.
             Slain by Pikel (17 damage)
             ... on level 5 of the Dungeon.
             The game lasted 00:05:17 (4512 turns).

ragingrage the Fighter (Merfolk Wanderer)           Turns: 4512, Time: 00:05:18

Health: -2/93      AC: 11    Str: 17    XL:     7   Next: 80%
Magic:  7/7        EV: 13    Int: 10    God:
Gold:   224        SH:  5    Dex: 18    Spells: 6/6 levels left

rFire   . . .      SeeInvis .   l - +1 hand axe (elec)
rCold   . . .      Faith    .   d - +0 buckler
rNeg    + . .      Spirit   .   p - +4 ring mail
rPois   .          Reflect  .   r - +0 helmet
rElec   .          Harm     .   (no cloak)
rCorr   .          Rampage  .   (no gloves)
Will    .....                   m - +0 pair of boots
Stlth   ..........              D - amulet of regeneration
HPRegen 1.05/turn               n - +6 ring of dexterity
MPRegen 0.10/turn               o - ring of positive energy

@: berserking, very quick
A: (nimble swimmer 2), mertail
a: no special abilities


You were on level 5 of the Dungeon.
You visited 1 branch of the dungeon, and saw 6 of its levels.

You collected 253 gold pieces.
You spent 29 gold pieces at shops.

Inventory:

Hand Weapons
 a - a +0 hand axe
 l - a +1 hand axe of electrocution (weapon)
 u - a +2 scythe of protection
Missiles
 f - 22 poisoned darts (quivered)
 C - 9 boomerangs
Armour
 d - a +0 buckler (worn)
 m - a +0 pair of boots (worn)
 p - a +4 ring mail (worn)
 r - a +0 helmet (worn)
Jewellery
 i - a ring of flight
 n - a +6 ring of dexterity (left hand)
 o - a ring of positive energy (right hand)
 A - the amulet of Emoeryuc {RegenMP rPois MP+9 Dex+4}
   (You found it on level 6 of the Dungeon)

   [amulet of magic regeneration]

   It increases your rate of magic regeneration.
   Dex:       It affects your dexterity (+4).
   rPois:     It protects you from poison.
   MP:        It affects your magic capacity (+9).
 D - an amulet of regeneration (around neck)
Wands
 v - a wand of paralysis (24)
 E - a wand of charming (7)
 F - a wand of digging (8)
Scrolls
 e - 3 scrolls of identify
 j - 2 scrolls of noise {unknown}
 s - a scroll of immolation {unknown}
 t - a scroll of vulnerability {unknown}
 w - a scroll of fear {unknown}
 y - a scroll of holy word {unknown}
Potions
 c - a potion of haste
 g - a potion of resistance {unknown}
 h - a potion of heal wounds {unknown}
 k - a potion of mutation {unknown}
 q - a potion of curing {unknown}
 x - 2 potions of magic
 z - a potion of lignification {unknown}
 B - a potion of degeneration {unknown}
 G - a potion of ambrosia {unknown}


   Skills:
 + Level 8.1 Fighting
 * Level 5.7 Polearms
 - Level 1.0 Crossbows
 + Level 0.4 Throwing
 - Level 6.0 Dodging
 - Level 2.0 Shields
 - Level 2.1 Unarmed Combat


You had 6 spell levels left.
You didn't know any spells.
Your spell library contained the following spells:

 Spells                   Type           Power      Damage    Failure   Level
 Animate Skeleton         Necr           0%         N/A       67%         1
 Magic Dart               Conj           0%         1d3       67%         1
 Pain                     Necr           0%         1d4       67%         1
 Call Imp                 Summ           0%         N/A       80%         2
 Ensorcelled Hibernation  Hex/Ice        0%         N/A       80%         2
 Call Canine Familiar     Summ           0%         N/A       95%         3
 Gell's Gravitas          Tloc           0%         N/A       95%         3
 Lesser Beckoning         Tloc           0%         N/A       95%         3
 Mephitic Cloud           Conj/Pois/Air  0%         N/A       95%         3
 Portal Projectile        Hex/Tloc       0%         N/A       95%         3
 Teleport Other           Tloc           0%         N/A       95%         3
 Tukima's Dance           Hex            0%         N/A       95%         3
 Vampiric Draining        Necr           0%         2d6       95%         3
 Fulminant Prism          Conj/Hex       0%         3d6       100%        4
 Iskenderun's Mystic Bla  Conj/Tloc      0%         2d3       100%        4
 Leda's Liquefaction      Hex/Erth       0%         N/A       100%        4
 Blade Hands              Tmut           0%         N/A       100%        5
 Excruciating Wounds      Necr           0%         N/A       100%        5
 Lee's Rapid Deconstruct  Erth           0%         3d5*      100%        5


Dungeon Overview and Level Annotations

Branches:
Dungeon (6/15)
 Temple: D:4-7

Altars:
Ashenzari
Ru
Vehumet

Shops:
D:5 *

Annotations:
D:3 exclusion: downstairs
D:5 Pikel
D:6 Blork the orc


Innate Abilities, Weirdness & Mutations

((You are quick and stealthy near water. (Stealth+, EV+, Speed+++)))
Your lower body shifts to a powerful aquatic tail in water.


Message History

Done exploring.
No target in view!
There are no items here.
You can't go down here!
(D) Dungeon
Where to? (Enter - D:5, ? - help)
There is a stone staircase leading down here.
You climb downwards.
The lemure shouts! x3
A lemure comes into view.
A scorpion comes into view.
Found a buckler.
Found an escape hatch in the floor.
Found a stone staircase leading down.
There is a stone staircase leading up here.
There are monsters nearby!
There are monsters nearby!
Blork the orc comes into view.
He is wielding a +0 halberd.
Pikel hits you with a +0 whip of electrocution.
You climb upwards.
There is a stone staircase leading down here.
You completely miss Pikel.
Pikel hits you with a +0 whip of electrocution.
Pikel hits you but does no damage.
You are electrocuted!
You closely miss Pikel. Pikel hits you but does no damage.
You barely miss Pikel.
Pikel hits you with a +0 whip of electrocution.
You hit Pikel but do no damage.
Pikel hits you with a +0 whip of electrocution.
You hit Pikel but do no damage. Pikel hits you but does no damage.
You are electrocuted!
Pikel hits you but does no damage.
You are electrocuted!!
* * * LOW HITPOINT WARNING * * *
You barely miss Pikel. You block Pikel's attack.
A red film seems to cover your vision as you go berserk!
You feel yourself moving faster!
You feel mighty!
Pikel hits you with a +0 whip of electrocution.
* * * LOW HITPOINT WARNING * * *
You closely miss Pikel.
Pikel hits you with a +0 whip of electrocution.
* * * LOW HITPOINT WARNING * * *
You are electrocuted!
You die...

.......##.##..#<..#...☼.#
####.#........###.#.....#
####.####.#...#.........#
..........#...#.#.#######
######.####.........#
####.#.......##...#.#
.................>#.#
##.#.....#......#K#.#
##.##.##.#......@.#.#
##....##.#.####.###.#
###.................# #
#.#.##.#.####.##### #
#.#.#......##.# #
#.#.##...#.##.# #
#.#.##...#.##.# #
#.####.#.#.##.# ###.#
#...#.##.#


You could see Pikel.

Vanquished Creatures
  Sigmund (D:4)
  A centaur (D:5)
  A scorpion (D:5)
  A killer bee (D:5)
  A howler monkey (D:6)
  A centaur zombie (D:6)
  A hound (D:5)
  A centaur skeleton (D:5)
  3 orc priests
  A jelly (D:3)
  An iguana (D:6)
  An orc wizard (D:4)
  A hound zombie (D:5)
  5 adders
  An ufetubus (D:5)
  2 adder skeletons (D:4)
  A worm (D:2)
  2 dart slugs (D:4)
  11 orcs
  A bat (D:2)
  2 endoplasms
  2 giant cockroaches (D:2)
  4 goblins
  4 hobgoblins
  8 kobolds
  2 quokkas
  11 ball pythons
  3 frilled lizards
  3 rats (D:1)
77 creatures vanquished.

Notes
Turn   | Place    | Note
-------+----------+-------------------------------------------
     0 | D:1      | ragingrage the Merfolk Wanderer began the quest for the
                  | Orb.
     0 | D:1      | ragingrage set off with the following items: a +0 hand axe,
                  | a potion of berserk rage, a potion of haste, a +0 buckler,
                  | a +0 robe
     0 | D:1      | Reached XP level 1. HP: 21/21 MP: 1/1
   248 | D:1      | Reached XP level 2. HP: 20/28 MP: 2/2
   480 | D:1      | Reached skill level 6 in Fighting
   892 | D:1      | Found a faded altar of an unknown god.
  1298 | D:2      | Found a broken altar of Ashenzari.
  1359 | D:2      | Reached skill level 1 in Dodging
  1360 | D:2      | Reached XP level 3. HP: 33/34 MP: 3/3
  2254 | D:3      | Reached XP level 4. HP: 41/41 MP: 4/4
  2590 | D:3      | Found a sacrificial altar of Ru.
  2708 | D:4      | Noticed Sigmund
  2854 | D:4      | Killed Sigmund
  2855 | D:4      | Reached skill level 7 in Fighting
  2855 | D:4      | Reached XP level 5. HP: 25/48 MP: 5/5
  2855 | D:4      | Reached XP level 6. HP: 29/55 MP: 6/6
  3313 | D:5      | Entered Level 5 of the Dungeon
  3389 | D:5      | Reached skill level 1 in Polearms
  3394 | D:5      | Reached skill level 5 in Dodging
  3445 | D:6      | Identified the amulet of Emoeryuc {RegenMP rPois MP+9
                  | Dex+4}
  3580 | D:6      | Reached XP level 7. HP: 50/61 MP: 7/7
  3733 | D:5      | Found a radiant altar of Vehumet.
  3940 | D:4      | You fall into a shaft and drop 1 floor!
  3965 | D:5      | Reached skill level 8 in Fighting
  3965 | D:5      | Reached skill level 5 in Polearms
  4373 | D:5      | Found Sidoleus's Assorted Antiques.
  4417 | D:5      | Bought a scroll labelled ORANYBUUXAL for 29 gold pieces
  4499 | D:6      | Noticed Pikel
  4500 | D:6      | Noticed Blork the orc
  4512 | D:5      | Slain by Pikel

Illustrated notes

Levels and vault maps discovered:
D:1:      dpeg_arrival_simpleton_a, layout_loops_ring,
          hellmonk_ecumenical_altar_zigzags, minmay_pentomino_x2
D:2:      layout_rooms, basic_altar
D:3:      layout_loops_ring, nicolae_overflow_hidden_temple, serial_aquarium,
          aquarium_bridge_island_large [aquarium_subvault_large_4_pools,
          aquarium_subvault_wall, aquarium_subvault_bridge,
          aquarium_subvault_bridge, aquarium_subvault_window],
          aquarium_window_fake, aquarium_window_1, aquarium_window_fake,
          aquarium_window_fake, aquarium_view_2f, aquarium_balcony_double_1
D:4:      layout_loops_cross, corexii_leaking_fountain, uniq_sigmund
D:5:      layout_basic, fiery_altar_vehumet, serial_shops, shop
D:6:      layout_rooms, uniq_pikel, uniq_blork_the_orc, uniq_prince_ribbit1

Skill      XL: |  1  2  3  4  5  6  7 |
---------------+----------------------+-----
Fighting       | 6 7 8 |  8.1
Dodging        | 1 2 4 5 6 |  6.0
Polearms       | 3 5 |  5.7
Crossbows      | |  1.0
Throwing       | |  0.4
Shields        | |  2.0
Unarmed Combat | |  2.1

Action                   |  1- 3 |  4- 6 |  7- 9 || total
-------------------------+-------+-------+-------++-------
Melee: Hand axe          |    91 |    44 |    74 ||   209
Throw: Dart              |     1 |     9 |       ||    10
  Use: Scroll            |       |       |     1 ||     1
       Potion            |       |       |     1 ||     1
 Stab: Sleeping          |     1 |       |       ||     1
Armor: Robe              |    12 |       |       ||    12
       Ring mail         |     9 |    33 |    30 ||    72
Dodge: Dodged            |    49 |    41 |    51 ||   141
Block: Buckler           |     9 |    20 |    24 ||    53

Table legend: (Time is in decaauts)
 A = Elapsed time spent in this place.
 B = Non-inter-level travel time spent in this place.
 C = Inter-level travel time spent in this place.
 D = Time resting spent in this place.
 E = Time spent auto-exploring this place.
 F = Levels seen in this place.
 G = Mean time per level.
                   A        B        C        D        E       F      G
               +--------+--------+--------+--------+--------+-----+--------+
         Total |   4579 |   4260 |    319 |    148 |   3393 |   6 |  763.2 |
       Dungeon |   4579 |   4260 |    319 |    148 |   3393 |   6 |  763.2 |
               +--------+--------+--------+--------+--------+-----+--------+

Top non-repeatable levels by time:
     D:1: 1269 daAuts
     D:4: 887 daAuts
     D:3: 885 daAuts
     D:5: 799 daAuts
     D:2: 656 daAuts
     D:6: 79 daAuts
